 Dungeon Crawl Stone Soup version 0.28-a0-1190-g77e1c55843 (webtiles) character file.

Game seed: 14537214362067600946

470 Peloso the Slasher (level 6, -10/55 HPs)
             Began as a Minotaur Fighter on Dec 18, 2021.
             Was an Initiate of Okawaru.
             Mangled by Menkaure (11 damage)
             ... on level 4 of the Dungeon.
             The game lasted 00:05:06 (3885 turns).

Peloso the Slasher (Minotaur Fighter)               Turns: 3885, Time: 00:05:07

Health: -10/55     AC: 12    Str: 21    XL:     6   Next: 82%
Magic:  5/5        EV:  6    Int:  5    God:    Okawaru [......]
Gold:   251        SH:  8    Dex: 11    Spells: 5/5 levels left

rFire   . . .      SeeInvis .   a - +0 long sword
rCold   . . .      Faith    .   c - +0 kite shield
rNeg    . . .      Spirit   .   t - +0 chain mail
rPois   .          Reflect  .   (helmet restricted)
rElec   .          Harm     .   (no cloak)
rCorr   .          Rampage  .   q - +0 pair of gloves
Will    +....                   j - +0 pair of boots
Stlth   ..........              (no amulet)
HPRegen 0.18/turn               u - ring of willpower
MPRegen 0.09/turn               (no ring)

@: no status effects
A: horns 2, retaliatory headbutt
a: Renounce Religion


You were on level 4 of the Dungeon.
You worshipped Okawaru.
Okawaru was noncommittal.
You visited 2 branches of the dungeon, and saw 5 of its levels.

You collected 251 gold pieces.

Inventory:

Hand Weapons
 a - a +0 long sword (weapon)
Armour
 b - a +0 scale mail
 c - a +0 kite shield (worn)
 j - a +0 pair of boots (worn)
 q - a +0 pair of gloves (worn)
 t - a +0 chain mail (worn)
Jewellery
 u - a ring of willpower (left hand)
Scrolls
 e - 4 scrolls of identify {unknown}
 f - 2 scrolls of fear {unknown}
 g - a scroll of vulnerability {unknown}
 h - a scroll of immolation {unknown}
 l - 2 scrolls of teleportation {unknown}
 n - a scroll of enchant weapon {unknown}
 s - a scroll of fog {unknown}
 v - a scroll of acquirement {unknown}
Potions
 d - a potion of might
 i - 2 potions of ambrosia {unknown}
 k - a potion of invisibility {unknown}
 m - a potion of attraction {unknown}
 o - a potion of lignification {unknown}
 p - a potion of heal wounds {unknown}
 r - a potion of curing {unknown}


   Skills:
 + Level 4.8 Fighting
 + Level 6.0 Long Blades
 + Level 5.4 Armour
 + Level 1.7 Dodging
 + Level 1.3 Stealth
 + Level 4.3 Shields


You had 5 spell levels left.
You didn't know any spells.
Your spell library was empty.

Dungeon Overview and Level Annotations

Branches:
Dungeon (4/15)             Temple (1/1) D:4

Altars:
Cheibriados
Fedhas
Hepliaklqana
Kikubaaqudgha
Makhleb
Okawaru
Qazlal
Ru
Sif Muna
Vehumet
Wu Jian
Xom
The Shining One

Annotations:
D:4 Menkaure


Innate Abilities, Weirdness & Mutations

You have a pair of horns on your head.
You reflexively headbutt those who attack you in melee.


Message History

a +0 dagger; a kobold corpse
Things that are here:
a +0 robe; a +0 dagger You open the door.
There is an open door here.
There is an open door here.
There is a staircase to the Ecumenical Temple here.
You now have 237 gold pieces (gained 12).
You now have 251 gold pieces (gained 14).
Found a kite shield.
Found a stone staircase leading down.
Drop what? 22/52 slots (_ for help) (? for menu, Esc to quit)
You start removing your armour.
You continue taking off your +0 buckler. x4
You finish taking off your +0 buckler.
You drop a +0 buckler.
You see here a +0 kite shield.
c - a +0 kite shield You start putting on your armour.
You continue putting on your +0 kite shield. x4
You finish putting on your +0 kite shield.
Menkaure, Prince of Dust comes into view.
Menkaure shouts!
Menkaure is nearby!
Menkaure is nearby!
You aren't carrying any items that you can evoke.
Unknown command.
Menkaure casts a spell.
Menkaure seems to speed up.
Menkaure calls on the powers of darkness!
Your body is wracked with pain!
You slash Menkaure!
Menkaure is moderately damaged.
You block Menkaure's attack. Menkaure hits you!!
* * * LOW HITPOINT WARNING * * *
You hit Menkaure. You headbutt Menkaure!
Menkaure is severely damaged.
Menkaure hits you!
* * * LOW HITPOINT WARNING * * *
Menkaure hits you!
You die...

........#. #.###
...........##.######.#..
#.................##.#.#
..................##.#.# #
.....#..##........##...##.#
........##........##...$..#
.......####.......##...#
...............M....>#.#
.......##.#.....@..# #.#
......... ########.# #.#
..####.#.. #...#.# #.# ...#
.... #.....###.# .#.##
##.####+#.......#
....#####.#......[.#####
....#..............#
......# #.#........#
......###.#........#


You could see Menkaure (fast).

Vanquished Creatures
  2 hounds (D:4)
  A centaur skeleton (D:4)
  2 orc priests
  Jessica (D:3)
  Natasha (thrice) (D:2)
  3 orc wizards (D:4)
  5 adders
  An adder skeleton (D:4)
  2 worms (D:2)
  2 dart slugs
  10 orcs
  8 bats
  6 endoplasms
  5 giant cockroaches
  5 hobgoblins
  8 jackals
  8 kobolds
  2 quokkas
  5 frilled lizards
  6 goblins
  5 rats
90 creatures vanquished.

Notes
Turn   | Place    | Note
-------+----------+-------------------------------------------
     0 | D:1      | Peloso the Minotaur Fighter began the quest for the Orb.
     0 | D:1      | Reached XP level 1. HP: 19/19 MP: 0/0
   162 | D:1      | Reached XP level 2. HP: 27/27 MP: 1/1
   762 | D:1      | Reached skill level 3 in Long Blades
  1052 | D:2      | Reached XP level 3. HP: 33/33 MP: 2/2
  1249 | D:2      | Noticed Natasha
  1251 | D:2      | Killed Natasha
  1369 | D:2      | Reached XP level 4. HP: 40/40 MP: 3/3
  1532 | D:2      | Noticed Natasha
  1541 | D:2      | Killed Natasha
  1542 | D:2      | Reached skill level 1 in Dodging
  1682 | D:2      | Reached skill level 4 in Long Blades
  1705 | D:2      | Noticed Natasha
  1715 | D:2      | Killed Natasha
  1716 | D:2      | Reached XP level 5. HP: 29/47 MP: 4/4
  2190 | D:3      | Noticed Jessica
  2201 | D:3      | Killed Jessica
  2806 | D:4      | Reached skill level 5 in Long Blades
  2926 | D:4      | Reached skill level 1 in Stealth
  2926 | D:4      | Reached XP level 6. HP: 50/53 MP: 5/5
  3240 | D:4      | Reached skill level 5 in Armour
  3418 | D:4      | Found a staircase to the Ecumenical Temple.
  3442 | D:4      | Reached skill level 6 in Long Blades
  3533 | Temple   | Entered the Ecumenical Temple
  3750 | Temple   | Became a worshipper of Warmaster Okawaru
  3877 | D:4      | Noticed Menkaure
  3885 | D:4      | HP: 1/55 [Menkaure (10)]
  3885 | D:4      | Mangled by Menkaure

Illustrated notes

Levels and vault maps discovered:
D:1:      dpeg_arrival_ternary, layout_loops_ring, roderic_lattice_a,
          minmay_tromino_v4_a
D:2:      layout_loops_ring, amcnicky_mini_pool_small, uniq_natasha
D:3:      layout_basic, st_stairs_6, uniq_jessica
D:4:      layout_basic, minmay_temple_entry_mini_moons,
          minmay_tree_intersection, uniq_menkaure
Temple:   cyrus_circular_temple

Skill      XL: |  1  2  3  4  5  6 |
---------------+-------------------+-----
Fighting       | 4 |  4.8
Armour         | 4 5 |  5.4
Long Blades    | 3 4 5 6 |  6.0
Shields        | 4 |  4.3
Dodging        | 1 |  1.7
Stealth        | 1 |  1.3

Action                   |  1- 3 |  4- 6 || total
-------------------------+-------+-------++-------
Melee: Long sword        |    66 |   136 ||   202
       Headbutt          |    10 |    17 ||    27
Armor: Scale mail        |    39 |    41 ||    80
       Chain mail        |       |    75 ||    75
Dodge: Dodged            |    29 |    65 ||    94
Block: Buckler           |    19 |    29 ||    48
       Kite shield       |       |     1 ||     1

Table legend: (Time is in decaauts)
 A = Elapsed time spent in this place.
 B = Non-inter-level travel time spent in this place.
 C = Inter-level travel time spent in this place.
 D = Time resting spent in this place.
 E = Time spent auto-exploring this place.
 F = Levels seen in this place.
 G = Mean time per level.
                   A        B        C        D        E       F      G
               +--------+--------+--------+--------+--------+-----+--------+
         Total |   3927 |   3846 |     81 |    274 |   2767 |   5 |  785.4 |
       Dungeon |   3692 |   3611 |     81 |    274 |   2566 |   4 |  923.0 |
        Temple |    234 |    234 |      0 |      0 |    201 |   1 |  234.0 |
               +--------+--------+--------+--------+--------+-----+--------+

Top non-repeatable levels by time:
     D:3: 1158 daAuts
     D:1: 980 daAuts
     D:2: 968 daAuts
     D:4: 585 daAuts
  Temple: 234 daAuts
